 Dungeon Crawl Stone Soup version 0.22-a0-891-g4570db1 (webtiles) character file.

46 plsesad the Insei (level 3, -3/25 HPs)
             Began as an Octopode Transmuter on Oct 7, 2019.
             Killed from afar by Natasha (10 damage)
             ... with a magic dart
             ... on level 2 of the Dungeon.
             The game lasted 00:00:42 (806 turns).

plsesad the Insei (Octopode Transmuter)              Turns: 806, Time: 00:00:43

Health: -3/25      AC:  1    Str: 10    XL:     3   Next: 66%
Magic:  6/6        EV: 13    Int: 15    God:
Gold:   44         SH:  0    Dex: 12    Spells: 5/6 levels left

rFire    . . .     SeeInvis .     - Unarmed
rCold    . . .     Gourm    .   (no shield)
rNeg     . . .     Faith    .   (no helmet)
rPois    .         Spirit   .   (no amulet)
rElec    .         Reflect  .   (no ring)
rCorr    .         Harm     .   (no ring)
MR       .....                  (no ring)
Stlth    ++........             (no ring)
HPRegen  0.08/turn              (no ring)
MPRegen  0.10/turn              (no ring)
                                (no ring)
                                (no ring)
                                (no ring)
                                (no ring)

@: lethally poisoned (-3 -> -5)
A: almost no armour, stealthy swim, amphibious, 8 rings, constrict 8, camouflage
1, gelatinous body 1
a: no special abilities


You were on level 2 of the Dungeon.
You were not hungry.

You visited 1 branch of the dungeon, and saw 2 of its levels.

You collected 44 gold pieces.

Inventory:

Missiles
 a - 52 arrows
Scrolls
 b - a scroll of remove curse {unknown}
 e - a scroll of teleportation {unknown}
 f - a scroll of identify {unknown}
 g - a scroll of fog {unknown}
Potions
 d - a potion of brilliance {unknown}
Comestibles
 c - 9 rations


   Skills:
 + Level 2.4 Fighting
 - Level 2.0 Dodging
 + Level 3.8 Unarmed Combat
 - Level 2.0 Spellcasting
 - Level 2.0 Transmutations


You had 5 spell levels left.
You knew the following spells:

 Your Spells              Type           Power        Failure   Level  Hunger
a - Beastly Appendage     Tmut           #.....       10%         1    #......

Your spell library contained the following spells:

 Spells                   Type           Power        Failure   Level  Hunger
 Spider Form              Tmut/Pois      #.........   41%         3    ###....
 Blade Hands              Tmut           #.........   95%         5    ######.
 Ice Form                 Ice/Tmut       #.......     82%         4    #####..
 Sticks to Snakes         Tmut           #.......     14%         2    ###....


Dungeon Overview and Level Annotations

Branches:
Dungeon (2/15)

Altars:

Annotations:
D:2 Natasha


Innate Abilities, Weirdness & Mutations

You cannot wear most types of armour.
You are very stealthy in the water. (Stealth+)
You are amphibious.
You can wear up to eight rings at the same time.
You can use your tentacles to constrict eight enemies at once.
Your skin changes colour to match your surroundings (Stealth+).
Your rubbery body absorbs attacks. (AC +1, EV +1)


Message History

Kitty crablady claws you!
Items here: ! $ ) ? † a club; a metallic grey crabjuice; a scroll labeled TUTSUR ZUST 11 sand dollars; an adder dedcrab You tentacle-slap Kitty crablady but do no damage.
Your grab misses Kitty crablady. Kitty crablady closely misses you.
You tentacle-slap Kitty crablady. You grab Kitty crablady.
Kitty crablady is moderately wounded.
You constrict Kitty crablady, but do no damage.
You feel sick. Kitty crablady misses you. The iron imp misses you.
You tentacle-slap Kitty crablady.
Kitty crablady is severely wounded.
You constrict Kitty crablady.
Kitty crablady casts a spell.
The iron imp hits you!
* * * CRAB GONE DIE * * *
You release your grip on Kitty crablady.
Kitty crablady stares at you and mumbles some strange words.
The magic dart hits you!
Your journey is over little crab

#.... #.... #....
#.... #.... #....
#.... #....
######## #....
#.... #......#
#.... #....
#......# #....
..#....##......#
#....
..'.5.h)@......#
#....
..#...5##......#
#.... ##.#.
#......#######...
# ..
+......+.........
#..
#......#####.####
... ###.#### #..#
##.. #.# ##.# #..
#.#########.###
#.........^....


You could see an iron imp, Natasha and a crimson imp.

Vanquished Creatures
  2 adders (D:2)
  A dart slug (D:2)
  5 bats
  2 giant cockroaches (D:1)
  6 goblins
  A hobgoblin (D:2)
  2 ball pythons (D:1)
  A frilled lizard (D:2)
  3 kobolds
  3 rats (D:1)
26 creatures vanquished.

Notes
Turn   | Place    | Note
-------+----------+-------------------------------------------
     0 | D:1      | plsesad the Octopode Transmuter began the quest for the Orb.
     0 | D:1      | Reached XP level 1. HP: 13/13 MP: 3/3
   186 | D:1      | Reached XP level 2. HP: 18/18 MP: 5/5
   597 | D:2      | Reached XP level 3. HP: 17/24 MP: 6/6
   795 | D:2      | Noticed Natasha
   806 | D:2      | Killed from afar by Natasha

Vault maps used:
D:1:      dpeg_arrival_fog, grunt_decor_fettered
D:2:      makhleb_altar_promises_db, elyvilon_altar_5, uniq_natasha,
          uniq_crazy_yiuf_cottage

Skill      XL: |  1  2 |
---------------+-------+-----
Fighting       | 2 |  2.4
Dodging        | |  2.0
Unarmed Combat | |  3.8
Spellcasting   | |  2.0
Transmutations | |  2.0

Action                   || total
-------------------------++-------
Melee: Unarmed           ||    60
       Constrict         ||    16
       Tentacles         ||     3
 Stab: Sleeping          ||     6
Armor: Skin              ||     3
Dodge: Dodged            ||    33

Table legend:
 A = Spawn XP
 B = Non-spawn XP
 C = Spawn XP percentage of total XP
 D = Spawn monster count
 E = Non-spawn monster count
 F = Spawn count percentage of total count
 G = Total turns spent on level
                    A         B        C        D         E        F      G
               +---------+---------+-------+---------+---------+-------+---------
         Total |       0 |      66 |   0.0 |       0 |      26 |   0.0 |   806
               +---------+---------+-------+---------+---------+-------+---------
           D:1 |       0 |      22 |   0.0 |       0 |      14 |   0.0 |   551
           D:2 |       0 |      44 |   0.0 |       0 |      12 |   0.0 |   255
               +---------+---------+-------+---------+---------+-------+---------
